 Dungeon Crawl Stone Soup version 0.31-a0-234-gad7ace16ef (webtiles) character file.

Game seed: 226164261276343896

546 qw the Shooter (level 7, -1/59 HPs)
             Began as a Minotaur Hexslinger on July 9, 2023.
             Slain by a yak (8 damage)
             ... on level 4 of the Dungeon.
             The game lasted 00:01:15 (2920 turns).

qw the Shooter (Minotaur Hexslinger)                Turns: 2920, Time: 00:01:16

Health: -1/59      AC:  6    Str: 12    XL:     7   Next: 6%
Magic:  7/7        EV: 11    Int: 10    God:
Gold:   121        SH:  0    Dex: 15    Spells: 7/8 levels left

rFire   . . .        Y - +2 sling (drain)
rCold   . . .        (no shield)
rNeg    . . .        b - +0 ring mail
rPois   .            (helmet restricted)
rElec   .            (no cloak)
rCorr   .            l - +0 pair of gloves
SInv    .            (no boots)
Will    .....        (no amulet)
Stlth   +            (no ring)
HPRegen 0.29/turn    (no ring)
MPRegen 0.10/turn

%: no passive effects
@: no status effects
A: horns 2, retaliatory headbutt
a: no special abilities


You were on level 4 of the Dungeon.
You visited 1 branch of the dungeon, and saw 4 of its levels.

You collected 121 gold pieces.


Innate Abilities, Weirdness & Mutations

You have a pair of horns on your head.
You reflexively headbutt those who attack you in melee.


   Skills:
 - Level 4.2 Fighting
 + Level 7.5 Ranged Weapons
 - Level 1.0 Armour
 - Level 2.1 Dodging
 - Level 1.0 Spellcasting
 - Level 2.0 Hexes


You had 7 spell levels left.
You knew the following spells:

 Your Spells              Type           Power      Damage    Failure   Level
a - Slow                  Hex            16%        N/A       34%         1

Your spell library contained the following spells:

 Spells                   Type           Power      Damage    Failure   Level
 Inner Flame              Hex/Fire       2%         N/A       83%         3
 Portal Projectile        Hex/Tloc       4%         N/A       83%         3
 Cause Fear               Hex            2%         N/A       98%         4

Inventory:

Hand Weapons
 Y - a +2 sling of draining (weapon)
Armour
 b - a +0 ring mail (worn)
 l - a +0 pair of gloves (worn)
Scrolls
 a - a scroll of identify
Potions
 c - a potion of resistance {unknown}
 e - a potion of magic {unknown}
 f - a potion of invisibility {unknown}
 g - a potion of curing {unknown}
 h - a potion of enlightenment

Dungeon Overview and Level Annotations

Branches:
Dungeon (4/15)
 Temple: D:4-7

Altars:
Sif Muna


Message History

The sling bullet closely misses the yak.
A yak comes into view.
The yak gores you but does no damage.
A yak comes into view.
You shoot a sling bullet. The sling bullet barely misses the yak.
The yak bellows!
The yak gores you!
A yak comes into view.
You shoot a sling bullet. The sling bullet barely misses the yak.
The yak bellows!
The sling bullet hits the yak but does no damage.
The yak closely misses you.
You shoot a sling bullet. The sling bullet hits the yak.
The yak is lightly wounded.
You shoot a sling bullet. The sling bullet hits the yak.
You drain the yak.
The yak is moderately wounded.
You shoot a sling bullet.
The sling bullet completely misses the yak.
The yak gores you. The yak gores you but does no damage.
The yak closely misses you.
You shoot a sling bullet. The sling bullet hits the yak.
You drain the yak.
The yak is heavily wounded.
The yak gores you. The yak barely misses you. The yak gores you.
You shoot a sling bullet.
The sling bullet hits the yak but does no damage.
You drain the yak.
The yak is severely wounded.
The yak gores you! The yak gores you but does no damage. The yak gores you!
You shoot a sling bullet.
The sling bullet hits the yak but does no damage.
You drain the yak.
The yak is severely wounded.
The yak gores you. The yak gores you! The yak closely misses you.
The yak barely misses you.
You shoot a sling bullet.
The sling bullet hits the yak but does no damage.
The yak is severely wounded.
The yak barely misses you. You furiously retaliate!
You headbutt the yak! The yak barely misses you. The yak gores you!
You die...

###.## #.#####.##
..#.# ####.#####..
# #.#..
###......#...#.
#............#....
#...###.###..#..#
..#...#...##..#
#...#...#...# .##
##.
#...#.Y###....#
.#..###..#@Y.# #..
#...#YY.# ##
#...#...#
..###.###.. #.. ..
..# #.. #.## .# ..
.#. . ... . . ..


You could see 4 yaks.

Vanquished Creatures
  An ogre (D:4)
  A phantom (D:4)
  A scorpion (D:4)
  A hound (D:2)
  A jelly (D:4)
  An orc priest (D:4)
  A sleepcap (D:4)
  2 orc wizards (D:4)
  An iguana (D:4)
  4 gnolls (D:2)
  An adder (D:3)
  A dart slug (D:3)
  5 orcs (D:4)
  7 ball pythons
  5 endoplasms
  9 giant cockroaches
  4 goblins
  4 hobgoblins
  9 jackals
  5 quokkas
  7 bats
  2 frilled lizards (D:1)
  11 kobolds
  4 rats
88 creatures vanquished.

Notes
Turn   | Place    | Note
-------+----------+-------------------------------------------
     0 | D:1      | qw the Minotaur Hexslinger began the quest for the Orb.
     0 | D:1      | Reached XP level 1. HP: 16/16 MP: 1/1
     0 | D:1      | 0 ||| qw: Version: 0.3-a-51-g015441d
     0 | D:1      | 0 ||| qw: Game counter: 4157
     0 | D:1      | 0 ||| qw: Melee chars always use a shield: true
     0 | D:1      | 0 ||| qw: God list: Okawaru
     0 | D:1      | 0 ||| qw: Allow faded altars: false
     0 | D:1      | 0 ||| qw: Do Orc after clearing Dungeon:15 true
     0 | D:1      | 0 ||| qw: Do second Lair branch before Depths: true
     0 | D:1      | 0 ||| qw: Lair rune preference: random
     0 | D:1      | 0 ||| qw: Goals: Normal
     0 | D:1      | 0 ||| PLANNING D:1-11
     4 | D:1      | Noticed a minotaur zombie
    99 | D:1      | Reached skill level 3 in Ranged Weapons
   100 | D:1      | Reached XP level 2. HP: 23/23 MP: 2/2
   449 | D:1      | Reached XP level 3. HP: 29/29 MP: 3/3
   476 | D:1      | 476 ||| UPGRADING to +0 pair of gloves.
   481 | D:1      | 481 ||| READING scroll labelled SUUREBU FEEQO.
   482 | D:1      | 482 ||| READING scroll labelled YSAR HECRO.
   483 | D:1      | 483 ||| READING scroll labelled WEULUYD ROEHO.
   484 | D:1      | 484 ||| READING scroll labelled ISECWO YCIKU.
   485 | D:1      | 485 ||| READING scroll labelled KYOHEYN DANWE.
   486 | D:1      | 486 ||| READING scroll labelled MANUC GOSUOLAI.
   487 | D:1      | 487 ||| READING scroll labelled DIEPLO CIALU.
   488 | D:1      | 488 ||| READING scroll labelled SEMEKE UZU.
   489 | D:1      | 489 ||| DROPPING scroll of poison.
   728 | D:2      | Reached skill level 4 in Ranged Weapons
   758 | D:2      | Found a shimmering blue altar of Sif Muna.
   819 | D:2      | Reached XP level 4. HP: 12/36 MP: 4/4
  1275 | D:2      | HP: 6/36 [gnoll/+0 halberd (5)]
  1279 | D:2      | Reached skill level 5 in Ranged Weapons
  1282 | D:2      | 1282 ||| FLEEEEING.
  1283 | D:2      | 1283 ||| FLEEEEING.
  1284 | D:2      | 1284 ||| FLEEEEING.
  1285 | D:2      | 1285 ||| FLEEEEING.
  1287 | D:2      | 1287 ||| FLEEEEING.
  1288 | D:2      | 1288 ||| FLEEEEING.
  1289 | D:2      | 1289 ||| FLEEEEING.
  1290 | D:2      | 1290 ||| FLEEEEING.
  1291 | D:2      | 1291 ||| FLEEEEING.
  1292 | D:2      | 1292 ||| FLEEEEING.
  1293 | D:2      | 1293 ||| FLEEEEING.
  1294 | D:2      | 1294 ||| FLEEEEING.
  1295 | D:2      | 1295 ||| FLEEEEING.
  1296 | D:2      | 1296 ||| FLEEEEING.
  1297 | D:2      | 1297 ||| FLEEEEING.
  1298 | D:2      | 1298 ||| FLEEEEING.
  1299 | D:2      | 1299 ||| FLEEEEING.
  1300 | D:2      | 1300 ||| FLEEEEING.
  1301 | D:2      | 1301 ||| FLEEEEING.
  1302 | D:2      | 1302 ||| FLEEEEING.
  1303 | D:2      | 1303 ||| FLEEEEING.
  1304 | D:2      | 1304 ||| FLEEEEING.
  1305 | D:2      | 1305 ||| FLEEEEING.
  1306 | D:2      | 1306 ||| FLEEEEING.
  1307 | D:2      | 1307 ||| FLEEEEING.
  1308 | D:2      | 1308 ||| FLEEEEING.
  1309 | D:2      | 1309 ||| FLEEEEING.
  1310 | D:2      | 1310 ||| FLEEEEING.
  1311 | D:2      | 1311 ||| FLEEEEING.
  1312 | D:2      | 1312 ||| FLEEEEING.
  1313 | D:2      | 1313 ||| FLEEEEING.
  1314 | D:2      | 1314 ||| FLEEEEING.
  1315 | D:2      | 1315 ||| FLEEEEING.
  1316 | D:2      | 1316 ||| FLEEEEING.
  1317 | D:2      | 1317 ||| FLEEEEING.
  1318 | D:2      | 1318 ||| FLEEEEING.
  1319 | D:2      | 1319 ||| FLEEEEING.
  1320 | D:2      | 1320 ||| FLEEEEING.
  1321 | D:2      | 1321 ||| FLEEEEING.
  1322 | D:2      | 1322 ||| FLEEEEING.
  1323 | D:2      | 1323 ||| FLEEEEING.
  1324 | D:2      | 1324 ||| FLEEEEING.
  1325 | D:2      | 1325 ||| STAIRDANCE
  1407 | D:1      | 1407 ||| UPGRADING to +0 ring mail.
  1417 | D:1      | 1417 ||| DROPPING +0 robe.
  1418 | D:1      | 1418 ||| READING scroll labelled IMOSMUVUCA.
  1419 | D:1      | 1419 ||| DRINKING 2 ruby potions.
  1420 | D:1      | 1420 ||| READING 2 scrolls of identify.
  1420 | D:1      | 1420 ||| IDENTIFYING amethyst potion
  1426 | D:2      | Reached skill level 1 in Armour
  1756 | D:3      | Reached XP level 5. HP: 42/44 MP: 5/5
  1871 | D:3      | Found a faded altar of an unknown god.
  1933 | D:3      | Reached skill level 3 in Fighting
  2286 | D:3      | 2286 ||| DRINKING 3 purple potions.
  2287 | D:3      | 2287 ||| DROPPING 2 potions of brilliance.
  2338 | D:4      | Noticed an ogre
  2345 | D:4      | Killed an ogre
  2346 | D:4      | Reached skill level 6 in Ranged Weapons
  2544 | D:4      | Reached XP level 6. HP: 44/52 MP: 6/6
  2605 | D:4      | 2605 ||| Stepping ~*~*~tactically~*~*~ (outnumbered).
  2605 | D:4      | HP: 13/52 [poisoned by a scorpion]
  2606 | D:4      | 2606 ||| DRINKING 2 potions of heal wounds.
  2613 | D:4      | HP: 13/52 [poisoned by a scorpion]
  2614 | D:4      | 2614 ||| DRINKING potion of heal wounds.
  2620 | D:4      | Reached skill level 7 in Ranged Weapons
  2779 | D:4      | Reached XP level 7. HP: 59/59 MP: 7/7
  2903 | D:4      | Noticed a yak
  2911 | D:4      | Noticed a yak
  2911 | D:4      | Noticed a yak
  2912 | D:4      | Noticed a yak
  2919 | D:4      | HP: 7/59 [yak (13)]
  2920 | D:4      | Slain by a yak

Levels and vault maps discovered:
D:1:      shiori_arrival_whats_in_store_for_you, layout_rooms, nrook_campfire
D:2:      layout_loops_cross, serial_co_window_serial, co_window_paths_b,
          co_window_paths_a, co_window_paths_b, co_window_of_opportunity_a,
          co_window_of_opportunity_a, co_window_corner_b, co_window_paths_c,
          co_window_paths_c, glass_columns_b, glass_columns_a, glass_columns_a,
          glass_columns_a, glass_columns_b, basic_altar
D:3:      layout_loops_ring, dreamdust_ecumenical_altar_hidden_monk_grotto
D:4:      layout_loops_ring, mainiacjoe_overflow_alcove_4, nicolae_titane

Skill      XL: |  1  2  3  4  5  6 |
---------------+-------------------+-----
Ranged Weapons | 3 4 5 6 7 |  7.5
Fighting       | 2 3 4 |  4.2
Armour         | 1 |  1.0
Dodging        | |  2.1
Spellcasting   | |  1.0
Hexes          | |  2.0

Action                     |  1- 3 |  4- 6 |  7- 9 || total
---------------------------+-------+-------+-------++-------
   Fire: Sling             |    95 |   141 |    23 ||   259
    Use: Scroll            |     8 |     2 |       ||    10
         Potion            |       |     4 |       ||     4
 Armour: Robe              |     6 |     1 |       ||     7
         Ring mail         |       |    24 |     4 ||    28
  Dodge: Dodged            |    30 |    55 |    11 ||    96

Table legend:
 A = Non-vault XP
 B = Vault XP
 C = Vault XP percentage of total XP
 D = Non-vault monster count
 E = Vault monster count
 F = Vault count percentage of total count
                 A         B        C        D         E       F
            +---------+---------+-------+---------+---------+-------
      Total |     781 |       0 |   0.0 |      88 |       0 |   0.0
            +---------+---------+-------+---------+---------+-------
        D:1 |      45 |       0 |   0.0 |      27 |       0 |   0.0
        D:2 |     128 |       0 |   0.0 |      22 |       0 |   0.0
        D:3 |      38 |       0 |   0.0 |      15 |       0 |   0.0
        D:4 |     570 |       0 |   0.0 |      24 |       0 |   0.0
            +---------+---------+-------+---------+---------+-------
